 Dungeon Crawl Stone Soup version 0.21-a0-201-g8501b10 (webtiles) character file.

140 pkoi the Chopper (level 5, -1/45 HPs)
             Began as a Minotaur Monk on Aug 18, 2017.
             Slain by Grinder (3 damage)
             ... while paralysed by Grinder
             ... on level 3 of the Dungeon.
             The game lasted 00:04:03 (2482 turns).

pkoi the Chopper (Minotaur Monk)                    Turns: 2482, Time: 00:04:04

Health: -1/45      AC: 12    Str: 17    XL:     5   Next: 2%
Magic:  4/4        EV:  2    Int:  7    God:
Gold:   91         SH:  0    Dex: 12    Spells: 4/4 levels left

rFire    + . .     SeeInvis .   a - +0 hand axe
rCold    + . .     Gourm    .   (no shield)
rNeg     . . .     Faith    .   d - +0 gold dragon scales
rPois    +         Spirit   .   (helmet restricted)
rElec    .         Reflect  .   (no cloak)
rCorr    .         Harm     .   (no gloves)
MR       .....                  (no boots)
Stlth    ..........             (no amulet)
HPRegen  0.15/turn              (no ring)
MPRegen  0.09/turn              (no ring)

@: paralysed
A: retaliatory headbutt, horns 2
a: no special abilities


You were on level 3 of the Dungeon.
You were not hungry.

You visited 1 branch of the dungeon, and saw 3 of its levels.

You collected 91 gold pieces.

Inventory:

Hand Weapons
 a - a +0 hand axe (weapon)
Armour
 d - +0 gold dragon scales (worn)
Jewellery
 i - an uncursed ring of fire {unknown}
Scrolls
 e - a scroll of teleportation {unknown}
 g - a scroll of fear {unknown}
 j - 3 scrolls of identify {unknown}
 k - a scroll of noise {unknown}
 l - a scroll of recharging {unknown}
 m - a scroll of remove curse {unknown}
 o - a scroll of amnesia {unknown}
Potions
 h - a potion of lignification {unknown}
 n - a potion of agility {unknown}
Comestibles
 b - a royal jelly
 c - 2 bread rations
 f - 3 fruits


   Skills:
 - Level 3.6 Fighting
 + Level 6.9 Axes
 + Level 0.2 Armour
 - Level 3.2 Dodging
 - Level 1.5 Stealth


You had 4 spell levels left.
You didn't know any spells.

Dungeon Overview and Level Annotations

Branches:
Dungeon (3/15)

Altars:
Ashenzari
Qazlal
Ru
Wu Jian
Xom
Zin

Annotations:
D:2 Sigmund
D:3 Grinder


Innate Abilities, Weirdness & Mutations

You reflexively headbutt those who attack you in melee.
You have a pair of horns on your head.


Message History

Grinder hits you but does no damage.
You closely miss Grinder.
Grinder is moderately wounded.
Grinder hits you but does no damage.
You hit Grinder but do no damage.
Grinder is moderately wounded.
Grinder gestures at you. Pain shoots through your body!
* * * LOW HITPOINT WARNING * * *
You completely miss Grinder. You headbutt Grinder.
Grinder is heavily wounded.
Grinder gestures at you.
You suddenly lose the ability to move!
Grinder gestures at you. Pain shoots through your body!
* * * LOW HITPOINT WARNING * * *
Grinder hits you!
* * * LOW HITPOINT WARNING * * *
You writhe in agony.
You die...

.########################
.........@..#...........#
.........5#.#.#########.#
.............).........>#
#.#.####.##...###########
# #.##............
#.##..##########
#.##..........
#.##...###########
#.##.............#


You could see Grinder.

Vanquished Creatures
  4 adders (D:2)
  4 gnolls (D:2)
  An ooze (D:1)
  2 worms (D:2)
  4 dart slugs
  A leopard gecko (D:3)
  A ball python (D:2)
  15 bats
  A giant cockroach (D:1)
  4 goblins
  2 hobgoblins
  A frilled lizard (D:1)
  6 kobolds
  5 rats
51 creatures vanquished.

Notes
Turn   | Place    | Note
-------+----------+-------------------------------------------
     0 | D:1      | pkoi the Minotaur Monk began the quest for the Orb.
     0 | D:1      | Reached XP level 1. HP: 19/19 MP: 0/0
   123 | D:1      | Reached skill level 4 in Axes
   220 | D:1      | Reached XP level 2. HP: 22/26 MP: 1/1
   521 | D:1      | Reached skill level 5 in Axes
   806 | D:1      | Reached XP level 3. HP: 30/31 MP: 2/2
  1064 | D:2      | Found an ornate altar of the Wu Jian Council.
  1087 | D:2      | Noticed an angel
  1087 | D:2      | Found a glowing silver altar of Zin.
  1089 | D:2      | Found a shimmering altar of Xom.
  1295 | D:2      | Reached XP level 4. HP: 32/39 MP: 3/3
  1331 | D:2      | Found a sacrificial altar of Ru.
  1334 | D:2      | Found a shattered altar of Ashenzari.
  1361 | D:2      | Reached skill level 6 in Axes
  1587 | D:2      | Found a stormy altar of Qazlal.
  1715 | D:2      | Noticed Sigmund
  2192 | D:3      | Reached XP level 5. HP: 45/45 MP: 4/4
  2227 | D:3      | Noticed Grinder
  2480 | D:3      | Paralysed by Grinder for 7 turns
  2482 | D:3      | HP: 2/45 [Grinder (7)]
  2482 | D:3      | Slain by Grinder

Vault maps used:
D:1:      evilmike_arrival_rings, minivault_11, minmay_misc_feat_square
D:2:      grunt_temple_overflow_order_and_chaos_1, lemuel_round_altar,
          grunt_temple_overflow_open, lemuel_doored_altar, uniq_sigmund
D:3:      first_bread, serial_glass, glass_columns_c, glass_columns_a,
          uniq_grinder

Skill      XL: |  1  2  3  4 |
---------------+-------------+-----
Axes           | 4 5 6 |  6.9
Fighting       | |  3.6
Armour         | |  0.2
Dodging        | |  3.2
Stealth        | |  1.5

Action                   |  1- 3 |  4- 6 || total
-------------------------+-------+-------++-------
Melee: Hand axe          |    78 |    60 ||   138
       Headbutt          |     9 |    10 ||    19
  Use: Potion            |       |     1 ||     1
 Stab: Sleeping          |     3 |       ||     3
  Eat: Chunk             |     1 |     2 ||     3
       Fruit             |       |     2 ||     2
Armor: Robe              |    25 |     5 ||    30
       Gold dragon scale |       |     7 ||     7
Dodge: Dodged            |    64 |    31 ||    95
